 Dungeon Crawl Stone Soup version 0.15.2 (webtiles) character file.

435 grunde the Slicer (level 6, 0/44 HPs)
             Began as a Vampire Assassin on Jan 10, 2015.
             Slain by Duvessa
             ... wielding a +0 short sword
              (2 damage)
             ... on Level 5 of the Dungeon.
             The game lasted 01:11:37 (6597 turns).

grunde the Slicer (Vampire Assassin)                Turns: 6597, Time: 01:11:37

HP   0/44        AC  9     Str 10      XL: 6   Next: 68%
MP   6/6         EV  9     Int 13      God:
Gold 176         SH  0     Dex 17      Spells:  0 memorised,  5 levels left

rFire  + . .     SeeInvis +     a - +3 dagger
rCold  + . .     Clarity  .     r - +1 ring mail
rNeg   + + +     rCorr    .     (no shield)
rPois  +         rRot     +     (no helmet)
rElec  .         Spirit   .     d - +0 cloak
SustAb .         Warding  +     g - +0 pair of gloves
rMut   .         Stasis   .     v - +0 pair of boots
Gourm  .                        w - amulet of warding
MR     .....                    l - ring of protection from fire
                                h - cursed ring of loudness

@: regenerating slowly, not resistant to hostile enchantments, unstealthy
A: bottle blood, fangs 3, see invisible, unbreathing
a: Bat Form, Bottle Blood


You were on level 5 of the Dungeon.
You were thirsty.

You visited 1 branch of the dungeon, and saw 5 of its levels.

You collected 176 gold pieces.

Inventory:

Hand weapons
 a - a +3 dagger (weapon)
 b - a +0 blowgun
 c - a +0 long sword
Missiles
 e - 50 poisoned needles
 f - 2 curare-tipped needles
 q - 8 tomahawks (quivered)
Armour
 d - a +0 cloak (worn)
 g - a +0 pair of gloves (worn)
 r - a +1 ring mail (worn)
 v - a +0 pair of boots (worn)
Magical devices
 u - a wand of confusion (11)
Comestibles
 j - 4 meat rations
 t - a slice of pizza
Scrolls
 k - 8 scrolls of identify
 s - 2 scrolls of enchant weapon
 x - a scroll of remove curse {unknown}
 y - a scroll of blinking
Jewellery
 h - a cursed ring of loudness (left hand)
 i - a +2 ring of evasion
 l - a ring of protection from fire (right hand)
 w - an amulet of warding (around neck)
Potions
 m - a potion of lignification {unknown}
 n - a potion of curing
 p - a potion of cancellation {unknown}
Books
 o - a book of Geomancy

   Spells                             Type                      Level
   Sandblast                          Earth                        1
   Stoneskin                          Transmutation/Earth          2
   Passwall                           Transmutation/Earth          3
   Stone Arrow                        Conjuration/Earth            3
   Petrify                            Transmutation/Earth          4
   Lee's Rapid Deconstruction         Earth                        5


   Skills:
 - Level 1.7 Fighting
 * Level 8.0 Short Blades
 - Level 1.5 Throwing
 - Level 1.1 Dodging
 - Level 5.8 Stealth


You had 5 spell levels left.
You didn't know any spells.

Dungeon Overview and Level Annotations

Branches:
Dungeon (5/15)
 Temple: D:4-7

Altars:
Cheibriados

Shops:
D:5 =

Annotations:
D:5 Dowan, Duvessa


Innate Abilities, Weirdness & Mutations

You heal slowly.
You can bottle blood from corpses.
You have razor-sharp teeth.
You have supernaturally acute eyesight.
You can survive without breathing.


Message History

You hit Duvessa. You bite Duvessa.
You draw Duvessa's blood!
You feel better.
You feel slightly less thirsty.
Duvessa is moderately wounded.
The quokka barely misses you.
You completely miss Duvessa.
Duvessa is moderately wounded.
Duvessa hits you with a short sword!
* * * LOW HITPOINT WARNING * * *
Dowan gestures at Duvessa while chanting.
Duvessa seems to speed up.
The quokka barely misses you.
Dowan mumbles some strange words.
Dowan blinks!
Duvessa says, "My weaknesses are his strengths!"
The quokka bites you but does no damage.
Duvessa hits you with a short sword!
* * * LOW HITPOINT WARNING * * *
The quokka closely misses you. Duvessa hits you with a short sword.
You die...

.........#..#......#..#
.......................#
...............%.......#
$..>####.####.##.......#
...# #.###...##......#
###.#.# #.##.....##.....#
.#..#.# #.#.......#.#.###
...##.###...g._r....#.####
...##...g.#..g.e@.#......#
..........##.....##....<.#
...........##...##.......#
............##.####......#
..........[....# #......#
......∩........# ########
...##.....######
...##.###..# $..##.( ##..#


You could see Duvessa, a quokka and 2 hobgoblins.

Vanquished Creatures
  A phantom (D:4)
  An ogre (D:4)
  Sigmund (D:3)
  Terence (D:2)
  6 adders
  A giant mite (D:2)
  5 worms
  A giant gecko (D:1)
  3 oozes
  4 orcs
  4 ball pythons
  10 hobgoblins
  5 jackals
  2 quokkas
  11 bats
  7 giant cockroaches
  3 giant newts (D:1)
  A gnoll skeleton (D:5)
  11 goblins
  10 kobolds
  8 rats
96 creatures vanquished.

Notes
Turn   | Place    | Note
--------------------------------------------------------------
     0 | D:1      | grunde, the Vampire Assassin, began the quest for the Orb.
     0 | D:1      | Reached XP level 1. HP: 16/16 MP: 1/1
   485 | D:1      | Reached XP level 2. HP: 15/22 MP: 2/2
   978 | D:1      | Reached XP level 3. HP: 24/27 MP: 3/3
  1444 | D:2      | Noticed Terence
  1505 | D:2      | Killed Terence
  2122 | D:2      | Reached XP level 4. HP: 24/33 MP: 4/4
  2177 | D:2      | Reached skill level 5 in Short Blades
  3402 | D:3      | Reached XP level 5. HP: 38/38 MP: 5/5
  3411 | D:3      | Noticed Sigmund
  3720 | D:3      | Killed Sigmund
  3720 | D:3      | Reached skill level 6 in Short Blades
  5128 | D:4      | Noticed a phantom
  5192 | D:4      | HP: 1/38 [phantom (7)]
  5196 | D:4      | Killed a phantom
  5196 | D:4      | Reached skill level 7 in Short Blades
  5196 | D:4      | Reached XP level 6. HP: 31/44 MP: 6/6
  5570 | D:4      | Noticed an ogre
  5586 | D:4      | Killed an ogre
  5967 | D:4      | Noticed a phantom
  6106 | D:5      | Entered Level 5 of the Dungeon
  6478 | D:5      | Found a snail-covered altar of Cheibriados.
  6521 | D:5      | Reached skill level 8 in Short Blades
  6540 | D:5      | Found Moaruaxad's Jewellery Shoppe.
  6565 | D:5      | Noticed Duvessa
  6571 | D:5      | Noticed Dowan
  6595 | D:5      | HP: 2/44 [Duvessa/short sword (9)]
  6597 | D:5      | Slain by Duvessa

Action                   |  1- 3 |  4- 6 || total
-------------------------+-------+-------++-------
Melee: Dagger            |   153 |   301 ||   454
Throw: Tomahawk          |       |     1 ||     1
  Use: Potion            |     2 |     2 ||     4
       Scroll            |     1 |    10 ||    11
 Stab: Sleeping          |       |     4 ||     4
  Eat: Corpse            |     7 |    11 ||    18
